[Event "Ebbe cup 42"]
[Site "Schackcentrum, Vegatan 20, Gothenburg, Sweden"]
[Date "2022.02.13"]
[Round "5.3"]
[White "Bjureblad, Martin"]
[Black "Lindholm, Marcus"]
[Result "0-1"]
[TimeControl "90 minutes for 40 moves + 15 minutes for the rest of the game + 30 seconds per move from move one."]
[WhiteFideId "1717928"]
[BlackFideId "1743473"]
[WhiteElo "1466"]
[BlackElo "1463"]

1. e4 c5 2. Nf3 e6 3. Nc3 a6 4. d4 cxd4 5. Nxd4 Qc7 6. Be2 Nf6 7. O-O Bb4 8. Qd3 d6 9. Bd2 Nbd7 10.
Bf3 Ne5 11. Qe2 Bd7 12. Qd1 Nc4 13. Rb1 Rb8 14. Re1 Nxb2 15. Rxb2 Bxc3 16. Bxc3 Qxc3 17. Rb3 Qc7 18. Qd3 O-O 19.
Reb1 b5 20. c3 e5 21. Ne2 Be6 22. R3b2 Rfc8 23. Rd1 Rb6 24. Rc1 Rc6 25. h3 Bc4 26. Qe3 Bxe2 27. Qxe2 Rxc3 28. Rd1 Rc1 29.
Rbd2 h6 30. Kh2 Rxd1 31. Qxd1 Rd8 32. Qb3 Qc4 33. Qe3 Nh7 34. Qb6 Qc8 35. Bg4 Qb8 36. Qxa6 Nf6 37. Bf3 d5 38. Qa5 Rd7 39.
g3 Ra7 40. Qb4 Ra4 41. Qe7 d4 42. Rb2 d3 43. Bd1 Rxe4 44. Bb3 Qf8 45. Qxf8+ Kxf8 46. Bd1 b4 47. Kg2 Re1 48. Ba4 Nd5 49.
Kf3 e4+ 50. Kg4 Re2 51. Rb1 Rxf2 52. Kh4 g5+ 53. Kg4 Nf6# 0-1

[Event "Ebbe cup 42"]
[Site "Schackcentrum, Vegatan 20, Gothenburg, Sweden"]
[Date "2022.02.13"]
[Round "5.5"]
[White "Eldh, Hjalmar"]
[Black "Granath, Andreas"]
[Result "0-1"]
[TimeControl "90 minutes for 40 moves + 15 minutes for the rest of the game + 30 seconds per move from move one."]
[WhiteFideId "1767968"]
[BlackFideId "1743333"]
[WhiteElo "1704"]
[BlackElo "1591"]

1. e4 c6 2. d4 d5 3. f3 Qb6 4. Nc3 dxe4 5. Bc4 Nf6 6. fxe4 Bg4 7. Nf3 e6 8. O-O Be7 9. Qd3 O-O 10.
Be3 Nbd7 11. Ng5 h6 12. Nxf7 Rxf7 13. d5 Bc5 14. dxe6 Bxe3+ 15. Kh1 Re7 16. exd7+ Kh8 17. e5 Rxe5 18.
Qg6 Bf2 19. Nd1 Bh5 20. Qd3 Be2 21. Qc3 Bd4 22. Qd2 Bxf1 23. Bxf1 Rd8 24. c3 Be3 25. Qd6 Rd5 26. Qe7 Bc5 27.
Qf7 R5xd7 0-1

[Event "Ebbe cup 42"]
[Site "Schackcentrum, Vegatan 20, Gothenburg, Sweden"]
[Date "2022.02.13"]
[Round "5.6"]
[White "Bergstrom, Assar"]
[Black "Kosmidis, Thomas"]
[Result "0-1"]
[TimeControl "90 minutes for 40 moves + 15 minutes for the rest of the game + 30 seconds per move from move one."]
[WhiteFideId "1767585"]
[BlackFideId "1753380"]
[WhiteElo "1572"]
[BlackElo "1703"]

1. e4 c6 2. d4 d5 3. f3 e6 4. Nc3 Nf6 5. Bf4 Be7 6. Qd3 a6 7. Nge2 b5 8. a3 Bb7 9. Ng3 c5 10.
dxc5 Bxc5 11. Nxb5 Qa5+ 12. Qc3 axb5 13. Bxb8 Qxc3+ 14. bxc3 Rxb8 15. Bxb5+ Ke7 16. exd5 Bxd5 17. c4 Ba8 18.
a4 Bb4+ 19. Kf2 Rhd8 20. Nf1 Ba5 21. Ne3 Rd2+ 22. Kg3 Bc7+ 23. Kh3 Nh5 24. g3 Bxf3 25. Rhe1 Kf8 26. Ra3 Rbd8 27. a5 g5 28.
a6 f5 29. Rg1 g4+ 30. Kh4 Rxh2+ 31. Kg5 Kf7 0-1

[Event "Ebbe cup 42"]
[Site "Schackcentrum, Vegatan 20, Gothenburg, Sweden"]
[Date "2022.02.13"]
[Round "5.7"]
[White "Kappi, Markus"]
[Black "Larsson, Vilhelm"]
[Result "0-1"]
[TimeControl "90 minutes for 40 moves + 15 minutes for the rest of the game + 30 seconds per move from move one."]
[WhiteFideId "1762915"]
[BlackFideId "1766961"]
[WhiteElo "1211"]
[BlackElo "1360"]

1. e4 e5 2. Nf3 Nc6 3. Bb5 a6 4. Ba4 Nf6 5. O-O Be7 6. Re1 O-O 7. c3 b5 8. Bc2 d5 9. d4 Bg4 10.
h3 Bxf3 11. Qxf3 exd4 12. exd5 Qxd5 13. Be4 Nxe4 14. Rxe4 f5 15. Rf4 Qxf3 16. Rxf3 dxc3 17. Rxc3 Nd4 18. Kf1 c5 19. a4 b4 20.
Rc4 Rad8 21. Be3 Nb3 22. Ra2 Rd1+ 23. Ke2 Rxb1 24. f4 Re8 25. Kf2 Bh4+ 26. g3 Bxg3+ 27. Ke2 Re1+ 0-1

[Event "Ebbe cup 42"]
[Site "Schackcentrum, Vegatan 20, Gothenburg, Sweden"]
[Date "2022.02.13"]
[Round "5.8"]
[White "Pasuphaty, Hrithish Raj"]
[Black "Hitcher, Oscar"]
[Result "1/2-1/2"]
[TimeControl "90 minutes for 40 moves + 15 minutes for the rest of the game + 30 seconds per move from move one."]
[WhiteFideId "54592380"]
[BlackFideId "1746901"]
[WhiteElo "1151"]
[BlackElo "1473"]

1. e4 d6 2. d4 Nf6 3. Nc3 g6 4. Bc4 Bg7 5. Nf3 Bg4 6. O-O O-O 7. h3 Be6 8. Bxe6 fxe6 9. Re1 c5 10.
Qe2 cxd4 11. Nxd4 Qd7 12. Qc4 d5 13. exd5 exd5 14. Qc5 Nc6 15. Ne6 Rf7 16. Bg5 b6 17. Qb5 h6 18. Bxf6 Rxf6 19. Nxg7 Kxg7 20. Nxd5 Qf5 21. Rf1 Rd6 22. Nc7 Qxb5 23.
Nxb5 Rd2 24. Rfc1 Rf8 25. f3 Rf5 26. Na3 Rg5 27. g4 Nd4 28. Rd1 Nxf3+ 29. Kf1 Rgd5 30. Rxd2 Rxd2 31. Rc1 Rh2 32.
Rb1 Nd2+ 33. Kg1 Nxb1 34. Kxh2 Nxa3 35. bxa3 Kf6 36. Kg3 Ke5 37. c3 e6 38. Kf3 g5 39. Ke3 Kd5 40. Kd3 Ke5 41.
Ke3 a6 42. a4 Kd5 43. Kd3 Kc5 44. a3 Kd5 45. c4+ Kc5 46. Kc3 e5 47. Kd3 a5 48. Ke4 Kxc4 49. Kxe5 Kb3 50. Kf6 Kxa4 51. Kg6 b5 52. Kxh6 Kxa3 53. Kxg5 b4 54. Kh6 b3 55.
g5 b2 56. g6 b1=Q 57. g7 Qc1+ 58. Kh7 Qc3 59. h4 Qd3+ 60. Kh6 Qe3+ 61. Kg6 Qe4+ 62. Kh5 Qe5+ 63. Kg6 Qg3+ 64. Kh5 Qxg7 65.
Kh6 1/2-1/2

[Event "Ebbe cup 42"]
[Site "Schackcentrum, Vegatan 20, Gothenburg, Sweden"]
[Date "2022.02.13"]
[Round "5.9"]
[White "Granero Lofgren, Elias"]
[Black "Imani Lasaki, Hamed"]
[Result "1-0"]
[TimeControl "90 minutes for 40 moves + 15 minutes for the rest of the game + 30 seconds per move from move one."]
[WhiteFideId "22207783"]
[BlackFideId "1766970"]
[WhiteElo "1353"]
[BlackElo "1615"]

1. e4 c5 2. Nf3 Nc6 3. d4 cxd4 4. Nxd4 Nf6 5. Nc3 e5 6. Nf5 d6 7. Ne3 a6 8. Bc4 Nd4 9. Ned5 b5 10.
Nxf6+ Qxf6 11. Bd5 Rb8 12. Be3 Be7 13. Bxd4 exd4 14. Ne2 O-O 15. Qxd4 Qg5 16. f4 Qh6 17. Qa7 Bh4+ 18. g3 Bg4 19.
gxh4 Bxe2 20. Kxe2 Qxf4 21. Raf1 Qg4+ 22. Kd2 Qg2+ 23. Kc1 Rbc8 24. c3 b4 25. c4 Kh8 26. Rhg1 Qxh2 27. Qe7 Qe2 28.
Qg5 g6 29. Qf6+ Kg8 30. Bxf7+ Rxf7 31. Qxf7+ Kh8 32. Qf6+ Kg8 33. Qe6+ Kg7 34. Qxc8 1-0